 Dungeon Crawl Stone Soup version 0.20.2-3-g29329e0561 (webtiles) character file.

505 Alfie the Shield-Bearer (level 7, -4/60 HPs)
             Began as a Hill Orc Fighter on Oct 18, 2023.
             Slain by Alfie's ghost (11 damage)
             ... on level 4 of the Dungeon.
             The game lasted 00:06:56 (2249 turns).

Alfie the Shield-Bearer (Hill Orc Fighter)          Turns: 2249, Time: 00:06:57

Health: -4/60      AC: 10    Str: 21    XL:     7   Next: 18%
Magic:  7/7        EV: 13    Int: 13    God:
Gold:   126        SH: 10    Dex: 15    Spells: 6/6 levels left

rFire    + . .     SeeInvis .   a - +0 rapier
rCold    + . .     Gourm    .   c - +0 shield
rNeg     . . .     Faith    .   b - +0 scale mail
rPois    +         Spirit   .   (no helmet)
rElec    +         Reflect  .   (no cloak)
rCorr    +         Harm     .   (no gloves)
MR       .....                  d - +2 pair of boots
Stlth    +.........             (no amulet)
Regen    0.2/turn               (no ring)
MPRegen  0.1/turn               (no ring)

@: brilliant, agile, resistant
A: no striking features
a: no special abilities


You were on level 4 of the Dungeon.
You were not hungry.

You visited 1 branch of the dungeon, and saw 4 of its levels.

You collected 126 gold pieces.

Inventory:

Hand Weapons
 a - a +0 rapier (weapon)
Armour
 b - a +0 scale mail (worn)
 c - a +0 shield (worn)
 d - a +2 pair of boots (worn)
Jewellery
 h - a +4 ring of dexterity {unknown}
 q - an uncursed ring of magical power {unknown}
Scrolls
 j - a scroll of magic mapping
 k - a scroll of identify {unknown}
 p - a scroll of enchant armour {unknown}
Potions
 i - a potion of magic {unknown}
 m - a potion of agility
 n - a potion of curing {unknown}
 o - a potion of flight {unknown}


   Skills:
 + Level 4.6 Fighting
 + Level 4.7 Short Blades
 + Level 4.4 Armour
 + Level 1.2 Dodging
 + Level 5.2 Shields
 + Level 1.3 Unarmed Combat


You had 6 spell levels left.
You didn't know any spells.

Dungeon Overview and Level Annotations

Branches:
Dungeon (4/15)             Temple (0/1) D:4

Altars:
Cheibriados
Gozag
Ru
The Shining One

Shops:
D:3 *

Annotations:
D:4 Alfie's ghost, novice HOFi


Message History

Alfie's ghost is moderately damaged.
Alfie's ghost closely misses you.
You hit Alfie's ghost but do no damage.
Alfie's ghost is moderately damaged.
Alfie's ghost hits you.
* * * LOW HITPOINT WARNING * * *
You hit Alfie's ghost but do no damage.
Alfie's ghost is moderately damaged.
Alfie's ghost hits you.
* * * LOW HITPOINT WARNING * * *
You barely miss Alfie's ghost.
Alfie's ghost is moderately damaged.
You block Alfie's ghost's attack.
It was a potion of brilliance.
You feel clever all of a sudden. You block Alfie's ghost's attack.
It was a potion of resistance.
You feel protected. Alfie's ghost hits you!
You die...

***,**####***###*,,,..#,,,
*,,,,,,....,,..#****#.#***
***,*,,*###.####.# #.#
*,,,.$,##.....##.# #.#
****#..#.......#.######.####
##.#.......#........##..
********#......_.....#####..##..
*,,>,,,,,,,#.......#.# #...'..
*,*,***,**,#..W@...#.# #.###..
*,*,* *,**,##.....##.#####.###..
**,*,* *,**,*###.####............
*,,,,* *,*#......................
*,,,,***,*#......#...............
*,,,,,,,,*######.##........<.....
*,,,,**********#..*#.............
*,,,,,,,,,,,,,,...,,.............
*,,,***********##.,*#####.(...###


You could see Alfie's ghost.

Vanquished Creatures
  Sigmund (D:3)
  A crimson imp (D:3)
  An orc priest (D:3)
  An orc wizard (D:3)
  Jessica (D:3)
  A worker ant (D:4)
  5 gnolls
  7 adders
  2 worms
  4 leopard geckos (D:1)
  6 orcs (D:3)
  7 giant cockroaches
  10 hobgoblins
  3 jackals (D:2)
  8 bats
  7 frilled lizards
  8 goblins
  8 kobolds
  6 rats
87 creatures vanquished.

Notes
Turn   | Place    | Note
-------+----------+-------------------------------------------
     0 | D:1      | Alfie the Hill Orc Fighter began the quest for the Orb.
     0 | D:1      | Reached XP level 1. HP: 19/19 MP: 1/1
    77 | D:1      | Reached XP level 2. HP: 27/27 MP: 2/2
   353 | D:1      | Reached XP level 3. HP: 33/33 MP: 3/3
   935 | D:2      | Reached XP level 4. HP: 21/40 MP: 4/4
   944 | D:2      | Reached skill level 4 in Shields
   949 | D:2      | HP: 2/40 [gnoll (5)]
  1142 | D:2      | Found a glowing golden altar of the Shining One.
  1306 | D:2      | Found a snail-covered altar of Cheibriados.
  1332 | D:2      | Reached XP level 5. HP: 43/46 MP: 5/5
  1586 | D:3      | Noticed Jessica
  1644 | D:3      | Killed Jessica
  1644 | D:3      | Reached XP level 6. HP: 42/53 MP: 6/6
  1835 | D:3      | Noticed Sigmund
  1858 | D:3      | Killed Sigmund
  1858 | D:3      | Reached skill level 1 in Dodging
  1858 | D:3      | Reached skill level 5 in Shields
  1858 | D:3      | Reached skill level 1 in Unarmed Combat
  1858 | D:3      | Reached XP level 7. HP: 31/60 MP: 7/7
  2008 | D:3      | Found an opulent altar of Gozag.
  2011 | D:3      | Found Gozag's Platinum Reserve.
  2204 | D:4      | Found a sacrificial altar of Ru.
  2211 | D:4      | Noticed Alfie's ghost (novice HOFi)
  2249 | D:4      | Slain by Alfie's ghost

Skill      XL: |  1  2  3  4  5  6 |
---------------+-------------------+-----
Fighting       | 4 |  4.6
Armour         | 4 |  4.4
Shields        | 4 5 |  5.2
Short Blades   | 3 4 |  4.7
Dodging        | 1 |  1.2
Unarmed Combat | 1 |  1.3

Action                   |  1- 3 |  4- 6 |  7- 9 || total
-------------------------+-------+-------+-------++-------
Melee: Rapier            |   139 |   141 |    83 ||   363
       Unarmed           |       |    18 |       ||    18
  Use: Potion            |       |     3 |     3 ||     6
       Scroll            |       |       |     1 ||     1
  Eat: Bread ration      |       |     1 |     1 ||     2
Armor: Scale mail        |    67 |    69 |    22 ||   158
       Skin              |       |     8 |       ||     8
Dodge: Dodged            |    42 |    67 |    23 ||   132
Block: Shield            |    71 |    86 |    36 ||   193
